 Dungeon Crawl Stone Soup version 0.22-a0-271-gc000056 (webtiles) character file.

294 RoseArtemis the Chopper (level 6, -4/82 HPs)
             Began as a Minotaur Berserker on Mar 12, 2018.
             Was a Believer of Trog.
             Slain by an ogre
             ... wielding a +0 giant club
              (19 damage)
             ... on level 3 of the Dungeon.
             The game lasted 00:08:53 (2535 turns).

RoseArtemis the Chopper (Minotaur Berserker)        Turns: 2535, Time: 00:08:54

Health: -4/82      AC: 11    Str: 27    XL:     6   Next: 11%
Magic:  5/5        EV: 12    Int:  4    God:    Trog [**....]
Gold:   173        SH:  0    Dex: 11    Spells: 5/5 levels left

rFire    . . .     SeeInvis .   a - +0 hand axe
rCold    . . .     Gourm    .   (no shield)
rNeg     . . .     Faith    .   g - +0 plate armour
rPois    .         Spirit   .   (helmet restricted)
rElec    .         Reflect  .   (no cloak)
rCorr    +         Harm     .   (no gloves)
MR       .....                  (no boots)
Stlth    ..........             (no amulet)
HPRegen  0.23/turn              f - +4 ring of evasion
MPRegen  0.09/turn              r - ring of resist corrosion

@: berserking, very quick
A: retaliatory headbutt, horns 2
a: Berserk, Trog's Hand, Renounce Religion


You were on level 3 of the Dungeon.
You worshipped Trog.
Trog was pleased with you.
You were very hungry.

You visited 1 branch of the dungeon, and saw 4 of its levels.

You collected 173 gold pieces.

Inventory:

Hand Weapons
 a - a +0 hand axe (weapon)
Armour
 g - a +0 plate armour (worn)
Jewellery
 f - a +4 ring of evasion (left hand)
 j - an uncursed amulet of faith
 r - a ring of resist corrosion (right hand)
Scrolls
 d - a scroll of enchant weapon {unknown}
 e - a scroll of blinking {unknown}
 h - 3 scrolls of fog {unknown}
 i - a scroll of immolation {unknown}
 n - a scroll of random uselessness {unknown}
 o - a scroll of teleportation {unknown}
 q - 2 scrolls of remove curse {unknown}
Potions
 b - a potion of flight {unknown}
 k - 2 potions of heal wounds
 l - 2 potions of curing {unknown}
 m - 2 potions of might {unknown}
 p - a potion of brilliance {unknown}
 t - a potion of ambrosia {unknown}
Comestibles
 c - 8 rations
 s - 2 chunks of flesh


   Skills:
 + Level 4.9 Fighting
 * Level 5.9 Axes
 + Level 4.1 Armour
 + Level 3.6 Dodging


You had 5 spell levels left.
You didn't know any spells.

Dungeon Overview and Level Annotations

Branches:
Dungeon (4/15)
 Temple: D:4-7

Altars:
Ru
Wu Jian

Annotations:
D:2 1 runed door


Innate Abilities, Weirdness & Mutations

You reflexively headbutt those who attack you in melee.
You have a pair of horns on your head.


Message History

The ogre hits you with a giant club!!
You closely miss the ogre.
The ogre is moderately wounded.
You hit the ogre. You headbutt the ogre.
The ogre is heavily wounded.
The ogre barely misses you.
Your plate armour prevents you from hitting the ogre.
The ogre is heavily wounded.
The ogre hits you with a giant club.
A red film seems to cover your vision as you go berserk!
You feel yourself moving faster!
You feel mighty!
You are feeling very hungry.
The ogre hits you with a giant club!
* * * LOW HITPOINT WARNING * * *
You completely miss the ogre.
The ogre is moderately wounded.
You hit the ogre.
The ogre is heavily wounded.
The ogre hits you with a giant club!!
You die...

######### #......
#......)# #......
#.......##########......
#..............._.......
#....[..#############...
#######.# #...
####.#############...
#...O..............##
#.##@...............)
#.##)########......##
#.##...# #......#
####.####.# #......##
#....>.##.######.#####..
#......##......#.# #).
#......##..###.#.# #..
#..........#.#.#.# #..
#......###.#<..#.# #..


You could see an ogre.

Vanquished Creatures
  The ghost of Nib the Skirmisher, an amateur MiFi (D:3)
  An orc priest (D:3)
  Terence (D:2)
  Jessica (D:3)
  5 adders
  3 gnolls (D:3)
  A dart slug (D:1)
  A leopard gecko (D:4)
  An orc (D:4)
  5 bats
  A giant cockroach (D:2)
  5 goblins
  10 hobgoblins
  A quokka (D:2)
  A ball python (D:3)
  8 frilled lizards
  3 kobolds (D:2)
  4 rats
53 creatures vanquished.

Notes
Turn   | Place    | Note
-------+----------+-------------------------------------------
     0 | D:1      | RoseArtemis the Minotaur Berserker began the quest for the Orb.
     0 | D:1      | Reached XP level 1. HP: 19/19 MP: 0/0
   255 | D:1      | Reached XP level 2. HP: 25/27 MP: 1/1
   268 | D:1      | Reached skill level 4 in Axes
   881 | D:2      | Reached XP level 3. HP: 21/33 MP: 2/2
  1051 | D:2      | Noticed Terence
  1057 | D:2      | Killed Terence
  1057 | D:2      | Reached ** piety under Trog
  1146 | D:2      | Reached XP level 4. HP: 39/40 MP: 3/3
  1208 | D:2      | Found a runed door.
  1752 | D:3      | Reached skill level 5 in Axes
  1987 | D:3      | Noticed Nib's ghost (amateur MiFi)
  2008 | D:3      | Killed Nib's ghost
  2008 | D:3      | Reached XP level 5. HP: 33/47 MP: 4/4
  2187 | D:3      | Found an ornate altar of the Wu Jian Council.
  2269 | D:3      | Noticed Jessica
  2273 | D:3      | Killed Jessica
  2409 | D:4      | Reached XP level 6. HP: 51/55 MP: 5/5
  2459 | D:4      | Found a sacrificial altar of Ru.
  2535 | D:3      | Slain by an ogre

Vault maps used:
D:1:      scummos_arrival_checkerplants
D:2:      first_ration, uniq_terence, uniq_crazy_yiuf_cottage
D:3:      overflow_temple_1_default, uniq_jessica
D:4:      nicolae_ru_the_path_less_chosen

Skill      XL: |  1  2  3  4  5 |
---------------+----------------+-----
Axes           | 4 5 |  5.9
Fighting       | 4 |  4.9
Armour         | 3 4 |  4.1
Dodging        | 3 |  3.6

Action                   |  1- 3 |  4- 6 || total
-------------------------+-------+-------++-------
Melee: Hand axe          |    83 |    86 ||   169
       Headbutt          |     7 |    14 ||    21
Invok: Berserk           |     1 |     2 ||     3
  Use: Scroll            |       |     4 ||     4
  Eat: Chunk             |     1 |     6 ||     7
Armor: Plate armour      |    50 |    23 ||    73
       Animal skin       |     3 |       ||     3
Dodge: Dodged            |    41 |    32 ||    73

Table legend:
 A = Spawn XP
 B = Non-spawn XP
 C = Spawn XP percentage of total XP
 D = Spawn monster count
 E = Non-spawn monster count
 F = Spawn count percentage of total count
 G = Total turns spent on level
                    A         B        C        D         E        F      G
               +---------+---------+-------+---------+---------+-------+---------
         Total |       0 |     421 |   0.0 |       0 |      53 |   0.0 |  2535
               +---------+---------+-------+---------+---------+-------+---------
           D:1 |       0 |      25 |   0.0 |       0 |      14 |   0.0 |   629
           D:2 |       0 |      90 |   0.0 |       0 |      19 |   0.0 |  1108
           D:3 |       0 |     286 |   0.0 |       0 |      17 |   0.0 |   649
           D:4 |       0 |      20 |   0.0 |       0 |       3 |   0.0 |   149
               +---------+---------+-------+---------+---------+-------+---------
